 Dungeon Crawl Stone Soup version 0.24.1 (webtiles) character file.

Game seed: 16456892429942266832, levelgen mode: deterministic

23403 mortelune the Martial Artist (level 13, -5/89 (90) HPs)
             Began as an Octopode Transmuter on Mar 22, 2020.
             Was the Champion of Cheibriados.
             Slain by an eight-headed hydra (11 damage)
             ... on level 2 of the Lair of Beasts.
             The game lasted 01:06:16 (24067 turns).

mortelune the Martial Artist (Octopode Transmuter) Turns: 24067, Time: 01:06:17

HP:   -5/89 (90)    AC:  1    Str: 24    XL:     13   Next: 6%
MP:   17/20         EV: 24    Int: 40    God:    Cheibriados [******]
Gold: 471           SH: 13    Dex: 33    Spells: 11/21 levels left

rFire    + . .     SeeInvis +     - Unarmed
rCold    + + .     Gourm    .   S - +0 buckler
rNeg     + + .     Faith    .   (helmet restricted)
rPois    .         Spirit   .   B - amulet "Duskapp" {Reflect rC+ SH+2}
rElec    .         Reflect  +   i - ring of positive energy
rCorr    +         Harm     .   k - ring of protection from fire
MR       .....                  x - ring of ice
Stlth    +++.......             j - +2 ring of dexterity
HPRegen  0.24/turn              D - ring of protection from fire
MPRegen  0.17/turn              L - +3 ring of intelligence (curse)
                                E - ring of resist corrosion
                                P - ring of Democracy {rN+ Int+3 SInv}

@: about to teleport, very slow
A: almost no armour, stealthy swim, amphibious, 8 rings, constrict 8, large bone
plates 1, camouflage 1, agile 1, wild magic 1, gelatinous body 1, MP-powered
wands
a: Bend Time, Temporal Distortion, Slouch, Step From Time, Renounce Religion


You were on level 2 of the Lair of Beasts.
You worshipped Cheibriados.
Cheibriados was exalted by your worship.
You were not hungry.

You visited 4 branches of the dungeon, and saw 16 of its levels.
You also visited: Bailey.

You collected 1068 gold pieces.
You spent 597 gold pieces at shops.

Inventory:

Hand Weapons
 b - the +4 dagger of Ambiguity {pain, Int+3 Dex+3}
   (You found it on level 4 of the Dungeon)

   In the hands of one skilled in necromantic magic, it inflicts extra damage on
   living creatures.
   It affects your intelligence (+3).
   It affects your dexterity (+3).
Missiles
 a - 27 arrows
 d - 346 stones (quivered)
 o - a throwing net
 C - 8 atropa-tipped darts
 X - 6 curare-tipped darts
Armour
 S - a +0 buckler (worn)
Magical Staves
 T - an uncursed staff of fire
Jewellery
 i - a ring of positive energy (left tentacle)
 j - a +2 ring of dexterity (on tentacle)
 k - a ring of protection from fire (right tentacle)
 r - an uncursed ring of fire
 x - a ring of ice (on tentacle)
 B - the amulet "Duskapp" (around mantle) {Reflect rC+ SH+2}
   (You found it on level 6 of the Dungeon)

   [amulet of reflection]

   It shields you and reflects attacks.
   It protects you from cold.
   It affects your SH (+2).
 D - a ring of protection from fire (on tentacle)
 E - a ring of resist corrosion (on tentacle)
 L - a cursed +3 ring of intelligence (on tentacle)
 P - the ring of Democracy (on tentacle) {rN+ Int+3 SInv}
   (You bought it in a shop on level 11 of the Dungeon)

   [ring of see invisible]

   It affects your intelligence (+3).
   It protects you from negative energy.
   It lets you see invisible.
Wands
 A - a wand of flame (34)
 K - a wand of acid (18)
 N - a wand of paralysis (10)
 V - a wand of digging (7)
 Y - a wand of disintegration (16)
Scrolls
 e - a scroll of enchant weapon
 f - 5 scrolls of amnesia
 g - a scroll of teleportation
 m - 4 scrolls of immolation
 n - 3 scrolls of fog
 p - 2 scrolls of enchant armour
 y - 2 scrolls of brand weapon
 z - a scroll of fear
 G - 3 scrolls of noise
 H - 2 scrolls of holy word
 J - 6 scrolls of remove curse
 O - a scroll of vulnerability
 Q - a scroll of summoning
 R - 3 scrolls of identify
 W - a scroll of torment
Potions
 h - 2 potions of mutation
 l - 6 potions of heal wounds
 q - 5 potions of curing
 s - 2 potions of berserk rage
 t - 3 potions of flight
 u - 3 potions of agility
 v - 2 potions of magic
 w - 2 potions of cancellation
 F - a potion of invisibility
 I - 3 potions of ambrosia
 U - a potion of might
Miscellaneous
 M - a sack of spiders
Comestibles
 c - 25 rations


   Skills:
 + Level 9.3 Fighting
 + Level 8.8 Dodging
 - Level 4.0 Shields
 + Level 12.4 Unarmed Combat
 - Level 4.7 Spellcasting
 - Level 8.0 Transmutations
 - Level 3.9 Ice Magic
 + Level 7.5 Invocations


You had 11 spell levels left.
You knew the following spells:

 Your Spells              Type           Power        Failure   Level  Hunger
a - Beastly Appendage     Tmut           ######       1%          1    None
b - Sticks to Snakes      Tmut           #######.     1%          2    None
c - Spider Form           Tmut/Pois      ######....   3%          3    None
d - Ice Form              Ice/Tmut       #######.     4%          4    ###....

Your spell library contained the following spells:

 Spells                   Type           Power        Failure   Level  Hunger
 Ensorcelled Hibernation  Hex/Ice        #####.       3%          2    None
 Animate Skeleton         Necr           N/A          5%          1    None
 Apportation              Tloc           ##....       5%          1    None
 Confusing Touch          Hex            ##....       5%          1    None
 Corona                   Hex            ##.....      5%          1    None
 Summon Butterflies       Summ           ##......     5%          1    None
 Summon Small Mammal      Summ           ##..         5%          1    None
 Blade Hands              Tmut           #######...   5%          5    #####..
 Confuse                  Hex            ##......     13%         3    None
 Dazzling Spray           Conj/Hex       ##....       13%         3    None
 Lesser Beckoning         Tloc           ##........   13%         3    None
 Static Discharge         Conj/Air       ##......     13%         3    None
 Tukima's Dance           Hex            ##......     13%         3    None
 Alistair's Intoxication  Tmut/Pois      ######..     22%         5    #####..
 Lightning Bolt           Conj/Air       ##........   71%         5    #####..
 Invisibility             Hex            ##......     99%         6    ######.
 Ignition                 Fire           ##........   100%        8    #######
 Shatter                  Erth           ##........   100%        9    #######
 Tornado                  Air            ##........   100%        9    #######


Dungeon Overview and Level Annotations

Branches:
Dungeon (12/15)            Temple (1/1) D:5            Lair (2/6) D:8
    Orc (1/2) D:12         Bailey (visited)
  Swamp: Lair:2-4    Shoals: Lair:2-4     Snake: Lair:2-4    Spider: Lair:2-4

Altars:
Ashenzari
Cheibriados
Dithmenos
Elyvilon
Fedhas
Gozag
Kikubaaqudgha
Nemelex Xobeh
Qazlal
Ru
Sif Muna
Trog
Uskayaw
Xom
Yredelemnul
Zin
Beogh

Shops:
D:4 !   D:11 =

Portals:
Trove: D:12 (give 6 potions of haste)

Annotations:
D:5 Duvessa


Innate Abilities, Weirdness & Mutations

You cannot wear most types of armour.
You are very stealthy in the water. (Stealth+)
You are amphibious.
You can wear up to eight rings at the same time.
You can use your tentacles to constrict eight enemies at once.
Your skin changes colour to match your surroundings (Stealth+).
Your rubbery body absorbs attacks. (AC +1, EV +1)
You are partially covered in large bone plates. (SH +4)
You are agile. (Dex +2)
Your spells are a little harder to cast, but a little more powerful.
You expend magic power (3 MP) to strengthen your wands.


Message History

The eight-headed hydra misses you.
The eight-headed hydra closely misses you.
The eight-headed hydra bites you.
* * * LOW HITPOINT WARNING * * *
The eight-headed hydra completely misses you.
The eight-headed hydra barely misses you.
You block the eight-headed hydra's attack.
The eight-headed hydra completely misses you. x2
The crocodile bites you.
* * * LOW HITPOINT WARNING * * *
The polar bear barely misses you. You block the polar bear's attack.
The polar bear claws you.
* * * LOW HITPOINT WARNING * * *
Okay, then.
As you read the scroll of teleportation, it crumbles to dust.
You feel strangely unstable. The eight-headed hydra bites you!
* * * LOW HITPOINT WARNING * * *
You block the eight-headed hydra's attack.
The eight-headed hydra bites you!
You die...

##.#####.....#######P..####......
.................##.....##.......
#.##.#######...#..#......#.......
...#.#.. #.###..........#......
.##..#D#+ #.P #.................
####.#.#$ #.####................
###..#D## #.#P###...............
##...#... #...t.................
.###.###'###...D@................
#..#...........h.................
.##.##.###.#.....................
#..#...##.#......................
.#####..####..............P......
.#....#.#..#....##........#......
.##.##..#.##.....................
####................#....#.......
#.#######........#.....รท......


You could see an eight-headed hydra, a polar bear and a crocodile.

Vanquished Creatures
  Harold (Lair:2)
  2 hydras (Lair:1)
  A centaur warrior (D:10)
  A death yak (D:8)
  A deep elf mage (D:12)
  3 ugly things
  3 elephants (Lair:2)
  A gargoyle (D:11)
  3 spiny frogs
  A komodo dragon (D:11)
  A troll (D:10)
  9 hippogriffs
  A slime creature (D:12)
  A shadow (D:11)
  A wraith (D:10)
  2 wyverns
  2 vampires (D:11)
  4 yaks (Lair:2)
  4 hogs (D:10)
  A basilisk (Lair:2)
  A steam dragon (D:12)
  4 vampire mosquitoes (D:12)
  Menkaure (D:5)
  A soldier ant (D:10)
  A water moccasin (Lair:1)
  15 orc warriors
  5 porcupines
  3 ice beasts
  3 sky beasts
  2 black bears
  A necrophage (D:10)
  A phantom (D:9)
  A centaur (D:12)
  5 wolves
  2 ogres
  9 crocodiles
  A big kobold (D:12)
  11 bullfrogs
  A gnoll sergeant (D:7)
  A wyvern zombie (D:11)
  A wyvern skeleton (D:6)
  Dowan (D:5)
  A water moccasin skeleton (D:10)
  9 killer bees (D:10)
  9 wights
  2 howler monkeys
  6 electric eels
  3 crimson imps
  3 centaur zombies
  2 bullfrog zombies
  A quasit (D:12)
  5 hounds
  3 jellies
  10 orc priests
  20 orc wizards
  4 bullfrog skeletons
  2 centaur skeletons
  6 iguanas
  11 worker ants
  A killer bee zombie (D:5)
  2 hound zombies
  4 hound skeletons
  A worker ant zombie (D:8)
  5 gnolls
  14 adders
  2 shadow imps
  An ooze (D:3)
  An adder skeleton (D:4)
  A worm (D:3)
  2 dart slugs
  5 leopard geckos
  68 orcs
  8 bats
  9 giant cockroaches
  6 goblins
  6 hobgoblins
  9 jackals
  10 kobolds
  6 quokkas
  8 frilled lizards
  5 rats
385 creatures vanquished.

Vanquished Creatures (collateral kills)
  A two-headed ogre (D:9)
  A death yak (D:7)
  An ugly thing (D:11)
  A cyclops (D:12)
  An elephant (Lair:2)
  A kobold demonologist (D:12)
  A troll (D:8)
  A human (D:10)
  2 basilisks
  8 orc warriors (Bailey)
  A phantom (D:10)
  An ogre (D:5)
  A crocodile (Lair:1)
  3 bullfrogs
  2 killer bees (D:10)
  2 howler monkeys (D:10)
  2 orc priests (D:10)
  An orc wizard (D:10)
  A gnoll (D:7)
  2 adders
  An adder skeleton (D:10)
  7 orcs
  3 jackals (D:9)
  2 goblins (D:11)
  A quokka zombie (D:10)
48 creatures vanquished.

Vanquished Creatures (others)
  A centaur (D:10)
  An orc (Orc:1)
  A fungus (Lair:2)
  4 plants (Lair:2)
7 creatures vanquished.

Grand Total: 440 creatures vanquished

Notes
Turn   | Place    | Note
-------+----------+-------------------------------------------
     0 | D:1      | mortelune the Octopode Transmuter began the quest for the
                  | Orb.
     0 | D:1      | Reached XP level 1. HP: 13/13 MP: 3/3
   286 | D:1      | Reached XP level 2. HP: 11/18 MP: 3/5
   496 | D:1      | Learned a level 2 spell: Sticks to Snakes
  1441 | D:2      | Reached XP level 3. HP: 23/23 MP: 6/6
  1592 | D:2      | Learned a level 3 spell: Spider Form
  1651 | D:2      | Reached skill level 4 in Unarmed Combat
  1657 | D:2      | Reached XP level 4. HP: 16/29 MP: 5/7
  2936 | D:3      | Found an opulent altar of Gozag.
  3465 | D:3      | Reached XP level 5. HP: 35/35 MP: 8/8
  3472 | D:3      | Gained mutation: You are partially covered in large bone
                  | plates. (SH +4) [potion of mutation]
  3472 | D:3      | Gained mutation: You are agile. (Dex +2) [potion of
                  | mutation]
  3472 | D:3      | Gained mutation: Your spells are a little harder to cast,
                  | but a little more powerful. [potion of mutation]
  3472 | D:3      | Gained mutation: You expend magic power (3 MP) to
                  | strengthen your wands. [potion of mutation]
  3762 | D:3      | Found a bloodstained altar of Trog.
  3843 | D:3      | Reached skill level 5 in Unarmed Combat
  4185 | D:3      | Reached XP level 6. HP: 41/41 MP: 9/9
  5404 | D:4      | Got a dazzling dagger
  5451 | D:4      | Reached XP level 7. HP: 43/46 MP: 10/10
  5465 | D:4      | Identified the +4 dagger of Ambiguity {pain, Int+3 Dex+3}
                  | (You found it on level 4 of the Dungeon)
  5568 | D:4      | Reached skill level 6 in Unarmed Combat
  5686 | D:4      | Found Nimac's Distillery.
  5689 | D:4      | Bought a potion of agility for 48 gold pieces
  5689 | D:4      | Bought a potion of heal wounds for 60 gold pieces
  5689 | D:4      | Bought a potion of curing for 36 gold pieces
  5689 | D:4      | Bought a potion of magic for 96 gold pieces
  5941 | D:5      | Entered Level 5 of the Dungeon
  6036 | D:5      | Learned a level 4 spell: Ice Form
  6550 | D:5      | Noticed Menkaure
  6550 | D:5      | Noticed Dowan
  6576 | D:5      | Killed Dowan
  6798 | D:5      | Noticed Duvessa
  7113 | D:5      | Found a staircase to the Ecumenical Temple.
  7134 | Temple   | Entered the Ecumenical Temple
  7275 | Temple   | Became a worshipper of Cheibriados the Contemplative
  7432 | D:5      | Found a sacrificial altar of Ru.
  7689 | D:6      | Reached XP level 8. HP: 48/54 MP: 11/11
  7975 | D:6      | Reached * piety under Cheibriados
  8146 | D:6      | Reached skill level 7 in Unarmed Combat
  8602 | D:6      | Got a transparent brass amulet
  8625 | D:6      | Identified the amulet "Duskapp" {Reflect rC+ SH+2} (You
                  | found it on level 6 of the Dungeon)
  8918 | D:6      | Reached skill level 1 in Ice Magic
  9107 | D:7      | Reached skill level 5 in Transmutations
  9603 | D:7      | Reached ** piety under Cheibriados
 10377 | D:7      | Reached XP level 9. HP: 46/60 MP: 11/14
 10494 | D:7      | Reached skill level 5 in Fighting
 10582 | D:7      | Found a sparkling altar of Nemelex Xobeh.
 10637 | D:7      | Found a stormy altar of Qazlal.
 11108 | D:8      | Found a shimmering altar of Xom.
 11131 | D:7      | Reached skill level 8 in Unarmed Combat
 11787 | D:7      | Reached *** piety under Cheibriados
 12743 | D:8      | Found a staircase to the Lair.
 12743 | D:8      | Noticed a death yak
 12843 | D:9      | Noticed a two-headed ogre
 13121 | D:9      | Noticed a troll
 13218 | D:8      | Killed a troll
 13496 | D:9      | Reached **** piety under Cheibriados
 13543 | D:9      | Reached XP level 10. HP: 68/68 MP: 13/16
 13681 | D:9      | Reached skill level 9 in Unarmed Combat
 14009 | D:9      | Killed a two-headed ogre
 14009 | D:9      | Reached skill level 5 in Dodging
 14166 | D:9      | Found a hide-covered altar of Uskayaw.
 14168 | D:9      | Found a glowing silver altar of Zin.
 14187 | D:10     | Entered Level 10 of the Dungeon
 14360 | D:10     | Reached skill level 1 in Invocations
 14694 | D:10     | Reached ***** piety under Cheibriados
 14879 | D:10     | Noticed a centaur warrior
 14885 | D:10     | Killed a centaur warrior
 14885 | D:10     | Reached skill level 10 in Unarmed Combat
 15165 | D:10     | Reached XP level 11. HP: 73/73 MP: 14/18
 16786 | D:11     | Found a flagged portal.
 16789 | D:11     | Noticed a purple ugly thing
 16790 | D:11     | Noticed a green ugly thing
 16803 | D:11     | Killed a purple ugly thing
 16813 | D:11     | Reached ****** piety under Cheibriados
 16821 | D:11     | Killed a purple ugly thing
 16872 | Bailey   | Entered a bailey
 17145 | Bailey   | Reached skill level 11 in Unarmed Combat
 17961 | D:11     | Found Erghyonixt's Jewellery Shoppe.
 17969 | D:11     | Bought the ring of Democracy {rN+ Int+3 SInv} for 357 gold
                  | pieces
 18006 | D:11     | Noticed a red ugly thing
 18016 | D:11     | Killed a red ugly thing
 18521 | D:5      | Killed Menkaure
 19026 | D:8      | Noticed a death yak
 19026 | D:8      | Noticed a death yak
 19027 | D:8      | Noticed a death yak
 19027 | D:8      | Noticed a death yak
 19027 | D:8      | Noticed a death yak
 19328 | D:12     | Found a staircase to the Orcish Mines.
 19342 | D:12     | Found a roughly hewn altar of Beogh.
 19353 | D:12     | Reached skill level 1 in Shields
 19394 | D:12     | Reached skill level 5 in Invocations
 19642 | D:12     | Noticed a cyclops
 19674 | D:12     | Killed a cyclops
 19674 | D:12     | Reached XP level 12. HP: 60/81 MP: 15/19
 20195 | D:12     | Found a portal to a secret trove of treasure.
 20399 | D:12     | Noticed a tengu warrior
 20742 | Orc:1    | Entered Level 1 of the Orcish Mines
 20754 | Orc:1    | Noticed an orc warlord
 21287 | D:8      | Killed a death yak
 21317 | D:7      | Killed a death yak
 22039 | Lair:1   | Entered Level 1 of the Lair of Beasts
 22065 | Lair:1   | Noticed a seven-headed hydra
 22075 | Lair:1   | Killed a seven-headed hydra
 22444 | Lair:1   | Noticed a six-headed hydra
 22453 | Lair:1   | Killed a six-headed hydra
 22453 | Lair:1   | Reached skill level 12 in Unarmed Combat
 23248 | Lair:2   | Noticed Harold
 23259 | Lair:2   | Killed Harold
 23782 | Lair:2   | Reached XP level 13. HP: 89/89 MP: 15/20
 24067 | Lair:2   | Slain by an eight-headed hydra

Levels and vault maps discovered:
D:1:      evilmike_arrival_rings, layout_basic, nrook_loot_triangle
D:2:      layout_loops_corners
D:3:      layout_loops_ring, bloody_trog, nicolae_gozag_seed_capital
D:4:      layout_loops_ring, serial_shops, kennysheep_mini_moat
D:5:      layout_loops_ring, lemuel_round_altar, temple_statues, first_ration,
          grunt_decor_resistance, uniq_menkaure, uniq_duvessa
D:6:      layout_basic, serial_curves, eino_curves_03, eino_curves_02,
          eino_curves_02, eino_curves_02, minivault_10
D:7:      layout_basic, lemuel_coloured_pillars_altar, david_defended_altar_elf
D:8:      layout_rooms, nicolae_overflow_crystal_walls, dpeg_lair_monsters
D:9:      layout_cave_pools, minitemple
D:10:     minmay_four_partial_circles, layout_irregular_city, grunt_livestock
D:11:     layout_small_grid, serial_shops, nicolae_shop_statue_plus,
          enter_bailey_3, small_statue_intersection
D:12:     minmay_bloctagon, layout_layer_cave, minmay_orc_entry_temple_small,
          enter_trove_2
Temple:   regret_index_temple_generic_petals
Lair:1:   layout_hall_layers, serial_bayou_lagoon_b, lemuel_fruit_tree,
          grunt_megastairs_2, infiniplex_staircase_pool, serial_bayou_shore_b,
          lemuel_fruit_fields
Lair:2:   layout_gridlike, fungi_pond_lemuel, st_stairs_13,
          minmay_shattered_shrine, uniq_harold
Orc:1:    nicolae_orc_accident_3, layout_caves, serial_shops, shop,
          nicolae_shop_window_shopping, shop_statue, shop, nicolae_shop_stone,
          chequers_guarded_unrand_ignorance, uniq_jorgrun

Skill      XL: |  1  2  3  4  5  6  7  8  9 10 11 12 |
---------------+-------------------------------------+-----
Unarmed Combat | 4 5 6 7 8 10 11 12 | 12.4
Fighting       | 2 3 4 5 6 7 9 |  9.3
Transmutations | 3 4 5 6 7 8 |  8.0
Dodging        | 3 4 6 7 8 |  8.8
Spellcasting   | 3 4 |  4.7
Ice Magic      | 1 3 |  3.9
Invocations    | 3 5 7 |  7.5
Shields        | 2 4 |  4.0

Action                   |  1- 3 |  4- 6 |  7- 9 | 10-12 | 13-15 || total
-------------------------+-------+-------+-------+-------+-------++-------
Melee: Unarmed           |    66 |   170 |   335 |   430 |    19 ||  1020
       Constrict         |    17 |    30 |    42 |    15 |       ||   104
       Tentacles         |     8 |    26 |    45 |    36 |       ||   115
       Punch             |     2 |     1 |     8 |    17 |       ||    28
       Kick              |     1 |    12 |    14 |     9 |       ||    36
       Dagger            |       |       |     1 |       |       ||     1
Throw: Stone             |     2 |     3 |    21 |    27 |       ||    53
 Cast: Beastly Appendage |     3 |    13 |     8 |     4 |       ||    28
       Sticks to Snakes  |       |     7 |    11 |    58 |     1 ||    77
       Spider Form       |       |     4 |    33 |     6 |       ||    43
       Ice Form          |       |       |       |    41 |     2 ||    43
Invok: Temporal Distorti |       |       |       |     1 |       ||     1
       Bend Time         |       |       |       |     1 |       ||     1
Evoke: Wand              |       |       |       |    11 |     1 ||    12
  Use: Potion            |       |     3 |     1 |       |       ||     4
       Scroll            |       |     9 |     5 |    16 |     1 ||    31
 Stab: Sleeping          |    10 |     4 |     6 |     7 |       ||    27
       Distracted        |       |       |       |     4 |       ||     4
  Eat: Chunk             |     2 |    10 |    20 |    14 |       ||    46
       Ration            |       |     1 |       |     2 |       ||     3
Armor: Skin              |     6 |     8 |    20 |    85 |     3 ||   122
Dodge: Dodged            |    34 |   100 |   259 |   446 |    29 ||   868
Block: Other             |       |     7 |    34 |    37 |     1 ||    79
       Reflection        |       |       |     1 |    10 |       ||    11
       Buckler           |       |       |       |    37 |     5 ||    42
